Map: Romanticide LE

Players

venividivici

  • Race: Terran Terran
  • League: Platinum
  • Spawn Location: 11:00

ViBE - Winner!

  • Race: Terran Terran
  • League: Platinum
  • Spawn Location: 5:00

VOD

Have the link to the VOD?

Description

Time

  • Played on: April 3, 2021, 8:09 p.m.
  • Length: 24:59
Show
View Real Time Build Order
Export as new Build Order

venividivici Terran 

Build Orders: Command Center First (CC) 

Get SALT Encoding   

  12  0:01  SCV  
  13  0:13  SCV  
  14  0:18  Supply Depot  
  14  0:25  SCV  
  15  0:40  SCV  
  16  0:52  SCV  
  17  1:00  Command Center  
  17  1:10  Barracks  
  17  1:12  SCV  
  18  1:24  SCV  
  19  1:36  SCV  
  19  1:37  Supply Depot  
  20  1:49  SCV  
  21  1:59  Refinery, Bunker  
  21  2:00  Marine  
  21  2:01  SCV  
  23  2:03  Bunker  
  23  2:11  Refinery  
  23  2:12  SCV  
  23  2:13  SCV  
  25  2:17  Marine  
  26  2:25  SCV x2  
  28  2:33  Refinery  
  28  2:34  Refinery  
  28  2:35  Marine  
  28  2:37  SCV  
  30  2:50  SCV x2  
  32  2:53  Marine  
  34  3:08  Orbital Command, Factory  
  34  3:13  Engineering Bay  
  34  3:16  SCV  
  34  3:29  SCV  
  35  3:36  SCV  
  35  3:41  SCV  
  37  3:46  Missile Turret  
  37  3:49  Hi-Sec Auto Tracking  
  37  3:50  SCV  
  37  3:51  Missile Turret  
  37  3:53  Planetary Fortress  
  38  3:57  Factory Tech Lab  
  38  4:00  Starport  
  38  4:03  SCV  
  38  4:04  Starport  
  39  4:15  SCV  
  39  4:16  Missile Turret  
  40  4:18  Missile Turret  
  40  4:27  Missile Turret, SCV  
  41  4:33  Missile Turret  
  41  4:39  SCV  
  42  4:45  Starport Tech Lab, Supply Depot  
  42  4:49  SCV  
  43  4:53  Corvid Reactor  
  43  4:57  SCV  
  44  5:04  Command Center  
  44  5:10  SCV  
  44  5:14  Bunker  
  45  5:24  Missile Turret  
  45  5:25  SCV x2  
  47  5:28  Raven  
  47  5:30  Raven  
  51  5:37  SCV x2, Command Center  
  53  5:49  SCV  
  54  5:50  Armory  
  54  5:51  Supply Depot  
  54  5:56  Supply Depot  
  54  6:05  Neosteel Armor  
  54  6:12  Raven  
  54  6:13  SCV x2  
  58  6:24  Raven  
  58  6:25  SCV x2  
  62  6:37  SCV x2  
  64  6:49  SCV  
  65  6:55  Raven  
  67  7:06  Missile Turret  
  67  7:07  Raven  
  69  7:08  Missile Turret  
  68  7:20  Planetary Fortress  
  68  7:34  Planetary Fortress  
  68  7:35  Missile Turret  
  68  7:37  Missile Turret  
  68  7:38  Missile Turret  
  68  7:39  SCV x2  
  70  7:51  SCV x2  
  70  7:57  SCV  
  73  7:59  Refinery  
  73  8:00  Refinery x2  
  73  8:01  Refinery  
  73  8:03  SCV x2  
  75  8:07  Armory  
  75  8:09  SCV  
  75  8:10  Terran Vehicle Weapons Level 1  
  76  8:13  SCV  
  76  8:15  SCV x2, Supply Depot  
  76  8:19  Starport  
  79  8:20  Supply Depot  
  79  8:21  SCV, Starport  
  79  8:26  SCV  
  79  8:27  Factory Reactor, SCV x2  
  81  8:33  SCV  
  84  8:38  SCV  
  84  8:39  SCV  
  84  8:40  SCV  
  87  8:45  SCV  
  88  8:50  SCV, Supply Depot  
  88  8:52  SCV x2, Supply Depot x2  
  91  8:57  SCV  
  91  9:02  SCV  
  93  9:04  SCV x2  
  93  9:09  SCV  
  96  9:14  SCV  
  96  9:16  SCV  
  98  9:24  Raven x2  
  98  9:26  Starport Tech Lab  
  98  9:27  Starport Tech Lab  
  102  9:40  Widow Mine x2  
  106  9:47  Factory  
  106  10:01  Widow Mine x2  
  106  10:03  Command Center  
  106  10:04  Terran Vehicle And Ship Armor Level 1, Missile Turret  
  106  10:06  Refinery  
  110  10:07  Raven  
  110  10:08  Missile Turret, Refinery  
  112  10:14  Raven x3  
  112  10:16  SCV x2  
  112  10:20  Command Center  
  120  10:22  Widow Mine  
  120  10:23  Widow Mine  
  120  10:24  Command Center  
  120  10:26  Command Center  
  120  10:27  Supply Depot  
  124  10:30  Terran Vehicle Weapons Level 2, Supply Depot  
  124  10:32  Supply Depot  
  124  10:34  Supply Depot  
  124  10:36  Widow Mine, Command Center  
  126  10:44  Widow Mine x2  
  126  10:49  SCV  
  131  10:50  SCV x2, Raven  
  135  10:57  Widow Mine, Raven x3  
  143  11:05  Widow Mine x2  
  145  11:19  Widow Mine  
  143  11:26  Widow Mine  
  113  12:05  SCV x2  
  97  12:17  SCV  
  93  12:36  Raven x4  
  101  12:43  Planetary Fortress  
  99  12:46  Missile Turret  
  99  12:47  Barracks  
  95  13:19  Raven x4  
  103  13:25  SCV x2  
  103  13:26  SCV  
  106  13:28  SCV  
  106  13:31  Refinery  
  107  13:37  SCV x2  
  107  13:38  SCV  
  107  13:40  SCV  
  111  13:48  Missile Turret  
  111  13:49  SCV x2  
  111  13:50  SCV  
  111  13:52  Command Center  
  111  13:53  Terran Vehicle And Ship Armor Level 2  
  111  13:54  Terran Vehicle Weapons Level 3, Refinery  
  114  13:57  Command Center  
  114  14:02  Raven  
  116  14:09  Missile Turret  
  116  14:30  Unknown  
  114  14:51  Raven x3  
  120  14:58  Planetary Fortress  
  120  15:16  Widow Mine x3  
  113  15:37  Widow Mine x3  
  118  15:46  SCV x3  
  118  15:47  SCV  
  122  15:53  Missile Turret  
  122  15:58  Refinery, Widow Mine, SCV x3  
  122  15:59  Widow Mine x2  
  122  16:03  Missile Turret  
  129  16:05  Raven x2  
  129  16:06  Raven  
  129  16:10  SCV x3  
  138  16:18  Planetary Fortress  
  138  16:20  Widow Mine x3  
  144  16:34  Refinery  
  144  16:58  Command Center  
  144  17:00  Missile Turret, Refinery  
  142  17:01  Refinery  
  140  17:21  Missile Turret  
  127  17:25  Missile Turret  
  127  17:26  Missile Turret  
  122  17:38  Raven x3  
  122  17:39  Raven  
  111  18:21  Raven x4  
  113  18:27  SCV  
  101  18:46  Planetary Fortress  
  101  18:47  SCV  
  98  19:00  SCV  
  99  19:04  Raven x2  
  103  19:12  SCV  
  102  19:24  SCV, Planetary Fortress  
  103  19:36  SCV  
  104  19:41  Planetary Fortress  
  104  19:47  Planetary Fortress  
  104  19:48  SCV  
  103  20:00  SCV  
  103  20:02  Widow Mine x3  
  110  20:12  SCV  
  111  20:23  Widow Mine x3  
  111  20:24  SCV  
  114  20:45  SCV x2, Widow Mine  
  114  20:48  SCV  
  120  20:57  SCV x2  
  120  21:00  SCV  
  122  21:08  SCV  
  122  21:09  SCV x2  
  125  21:12  SCV  
  118  21:21  SCV x2  
  118  21:24  SCV  
  108  21:33  SCV x2  
  100  21:44  Raven  
  100  21:45  Raven x3  
  98  21:52  SCV x2  
  98  21:53  Planetary Fortress  
  90  21:55  SCV  
  90  21:58  SCV  
  89  22:04  SCV x2  
  89  22:07  SCV  
  92  22:10  SCV  
  93  22:16  SCV x2  
  93  22:19  SCV  
  93  22:22  SCV  
  97  22:27  Raven x2  
  97  22:28  SCV  
  97  22:29  SCV  
  103  22:31  SCV  
  100  22:40  SCV  
  100  22:41  SCV  
  100  22:43  SCV  
  102  22:54  Raven  
  96  23:11  SCV  
  96  23:12  SCV x2  
  99  23:13  Refinery  
  99  23:16  Refinery  
  97  23:23  SCV  
  97  23:24  Widow Mine x3  
  97  23:37  Refinery  
  97  23:42  Command Center  
  97  23:45  Widow Mine  
  97  23:47  Refinery, Command Center  
Show
View Real Time Build Order
Export as new Build Order

ViBE Terran - Winner!

Build Orders:  

Get SALT Encoding   

  12  0:00  SCV  
  13  0:12  SCV  
  14  0:18  Supply Depot  
  14  0:25  SCV  
  15  0:39  SCV  
  16  0:43  Barracks  
  16  0:46  Refinery  
  16  0:52  SCV  
  17  1:04  SCV  
  18  1:16  SCV  
  19  1:30  Orbital Command  
  19  1:31  Marine  
  20  1:43  Command Center  
  20  1:49  Marine  
  21  1:55  Supply Depot  
  21  2:01  SCV  
  22  2:07  Factory  
  22  2:13  Barracks Reactor  
  22  2:15  SCV  
  23  2:27  SCV  
  24  2:39  SCV  
  25  2:51  SCV  
  26  2:54  Factory Tech Lab  
  26  2:55  Barracks  
  26  2:56  Marine  
  26  2:57  Orbital Command, Marine  
  28  3:08  Supply Depot  
  28  3:09  SCV  
  29  3:13  Refinery  
  29  3:14  Marine x2  
  29  3:16  Siege Tank  
  34  3:21  SCV  
  34  3:26  SCV  
  36  3:33  SCV, Marine  
  36  3:34  Marine  
  39  3:38  SCV  
  40  3:46  SCV  
  41  3:50  SCV, Starport  
  41  3:51  Barracks Tech Lab  
  41  3:55  Marine x2  
  42  3:58  SCV  
  42  4:02  SCV  
  46  4:10  SCV  
  46  4:11  Supply Depot  
  46  4:12  Siege Tank  
  46  4:14  SCV  
  46  4:16  Marine x3  
  54  4:31  Command Center  
  54  4:33  SCV  
  55  4:39  Marine, Starport Reactor  
  55  4:40  Marine x2, Stimpack  
  55  4:41  SCV  
  55  4:45  SCV  
  60  4:47  Supply Depot  
  60  4:53  SCV, Supply Depot x2  
  60  4:54  Supply Depot  
  60  4:57  SCV  
  62  5:14  SCV x2, Marine x3  
  62  5:21  Refinery  
  67  5:22  Refinery  
  67  5:23  Engineering Bay  
  67  5:26  Engineering Bay  
  67  5:27  SCV x2  
  69  5:32  Marine x3  
  69  5:35  Siege Tank  
  75  5:36  Medivac x2  
  75  5:39  SCV x2  
  81  5:47  Orbital Command  
  81  5:51  SCV x2, Supply Depot  
  81  5:56  Marine x2  
  81  5:57  Marine  
  85  6:03  SCV x2  
  88  6:08  Barracks  
  88  6:09  Barracks  
  88  6:14  Barracks, Marine x3  
  88  6:15  SCV x2  
  93  6:29  SCV x3  
  96  6:33  Terran Infantry Weapons Level 1, Terran Infantry Armor Level 1  
  96  6:37  Orbital Command  
  96  6:41  SCV x2  
  96  6:43  Marine  
  96  6:44  Marine x2  
  101  6:53  SCV x2  
  103  7:01  Barracks Reactor x3  
  103  7:03  Marine x3  
  103  7:04  Combat Shield  
  106  7:15  SCV x2  
  107  7:17  Armory  
  107  7:21  Marine x3  
  93  7:27  SCV x3  
  94  7:39  SCV  
  94  7:42  Marine x2  
  94  7:43  Marine x7  
  104  7:46  Command Center  
  104  7:47  Supply Depot x2  
  104  7:51  Medivac x2  
  108  7:52  Barracks  
  108  7:53  Barracks  
  108  7:57  SCV  
  109  7:59  Refinery  
  109  8:01  Refinery  
  109  8:03  Supply Depot  
  109  8:07  Supply Depot  
  109  8:09  SCV x3, Marine x2  
  114  8:21  SCV x3  
  117  8:29  Marine x5  
  117  8:30  Marine x4  
  117  8:31  Thor  
  117  8:33  SCV x2  
  117  8:34  SCV  
  135  8:45  SCV x2  
  135  8:46  SCV  
  135  8:47  Barracks  
  135  8:48  Barracks  
  138  8:51  Barracks  
  138  8:54  Barracks Reactor x2  
  138  8:55  Marine  
  138  8:56  Marine x2  
  138  8:58  SCV x3, Marine x6  
  138  9:00  Medivac x2  
  138  9:02  Planetary Fortress  
  154  9:10  SCV x2, Supply Depot  
  154  9:12  Supply Depot x2  
  154  9:13  Command Center  
  156  9:17  Marine  
  156  9:18  SCV  
  156  9:19  Terran Vehicle Weapons Level 1  
  156  9:21  Terran Infantry Weapons Level 2, Terran Infantry Armor Level 2  
  156  9:23  SCV  
  156  9:24  SCV  
  154  9:30  SCV  
  155  9:40  Barracks Reactor x3  
  155  9:42  Marine x13  
  155  9:43  Thor  
  155  9:44  Medivac  
  155  9:45  Medivac  
  178  9:49  Supply Depot  
  178  9:51  Supply Depot  
  178  9:59  Marine  
  178  10:00  Marine  
  180  10:09  Marine  
  180  10:10  Marine x10  
  183  10:19  Marine x6  
  183  10:20  Marine x2  
  183  10:21  Medivac x2  
  193  10:27  Marine x2  
  193  10:28  Marine x3  
  200  10:29  Planetary Fortress  
  200  10:39  Factory  
  200  10:40  Barracks  
  200  10:42  Starport  
  200  10:43  Barracks x2  
  200  10:47  Barracks  
  200  11:16  Marine x3  
  167  11:34  SCV x5  
  167  11:37  Marine x5  
  167  11:38  Marine x12  
  166  11:40  Starport Reactor, Factory Tech Lab  
  166  11:41  Barracks Reactor x2  
  166  11:43  Barracks Reactor  
  166  11:44  Barracks Tech Lab  
  166  11:46  SCV x5  
  156  11:52  Marine x2  
  143  11:55  Marine x7  
  143  11:57  Marine x9  
  143  11:58  SCV x5  
  143  12:01  Marine  
  144  12:05  Missile Turret  
  144  12:06  Missile Turret  
  133  12:10  SCV x5, Missile Turret x2  
  133  12:12  Missile Turret  
  133  12:13  Missile Turret  
  133  12:15  Missile Turret  
  136  12:18  Marine x14  
  136  12:19  Marine x7  
  136  12:20  Marine  
  136  12:22  Missile Turret, SCV x3  
  145  12:23  SCV x2  
  134  12:34  SCV  
  134  12:35  SCV x2  
  129  12:39  SCV  
  129  12:40  SCV  
  125  12:46  Refinery, SCV  
  125  12:48  Marine x15  
  125  12:49  Marine x4  
  125  12:50  Barracks Tech Lab  
  145  12:52  Thor  
  145  12:53  Medivac x2  
  144  12:58  SCV x4  
  144  13:03  Command Center  
  147  13:06  SCV  
  147  13:10  SCV  
  149  13:13  SCV  
  149  13:14  SCV x2  
  149  13:15  Marine x10  
  149  13:17  Medivac x2  
  149  13:18  SCV  
  167  13:22  Terran Infantry Weapons Level 3, SCV  
  167  13:23  Terran Infantry Armor Level 3  
  167  13:29  SCV x3  
  167  13:30  SCV  
  171  13:34  SCV  
  171  13:37  Missile Turret  
  171  13:41  SCV x2  
  174  13:44  Missile Turret  
  174  13:45  Missile Turret  
  174  13:46  Marine x13  
  174  13:47  Missile Turret, Marine x3  
  174  13:48  Marine  
  191  13:52  Terran Vehicle Weapons Level 2  
  191  13:53  SCV x2  
  193  14:05  Marine x7  
  189  14:17  Missile Turret  
  189  14:18  SCV  
  189  14:19  SCV x4  
  185  14:41  Missile Turret  
  185  14:43  Command Center  
  185  14:52  SCV x3  
  187  14:56  Marine x15  
  171  15:30  Marine x20  
  171  15:31  Marine x3  
  171  15:32  Thor x2  
  171  15:33  Medivac x4  
  176  15:41  Missile Turret  
  153  15:43  Marauder x2  
  153  15:44  Missile Turret  
  153  15:47  Marine  
  153  15:48  Marine x8  
  153  15:49  Marauder  
  157  15:55  Planetary Fortress  
  157  15:56  Command Center  
  157  16:02  Concussive Shells  
  157  16:03  Marine x8  
  165  16:04  Marauder x2  
  165  16:06  Marine x11  
  165  16:07  Marine x3  
  165  16:09  Medivac x4  
  165  16:10  Marauder  
  193  16:18  SCV  
  193  16:21  Marine  
  193  16:23  Missile Turret  
  195  16:45  Marine x2, Marauder  
  195  16:46  Marine x4, Marauder  
  199  16:55  Neosteel Armor, Hi-Sec Auto Tracking  
  199  16:57  Terran Vehicle Weapons Level 3  
  199  17:08  SCV x5  
  176  17:41  Command Center  
  176  17:44  Missile Turret  
  163  17:46  Marine x10, Marauder x3  
  163  17:47  Marine x10  
  163  17:48  Thor  
  195  17:54  SCV  
  195  17:55  SCV x2  
  198  18:07  Marauder  
  198  18:11  Command Center  
  132  18:42  Marine x3, Marauder x3  
  132  18:43  Marine x19  
  132  18:44  Thor x2  
  132  18:45  Medivac x4  
  163  19:03  Marauder  
  163  19:04  Marauder x2  
  163  19:05  Marine  
  163  19:06  Marine x14  
  163  19:07  Marine  
  161  19:18  Planetary Fortress  
  161  19:23  Missile Turret  
  161  19:25  Marauder x3  
  161  19:31  Missile Turret  
  167  19:40  Planetary Fortress  
  167  19:42  Missile Turret  
  167  19:45  Missile Turret  
  165  20:01  Unknown  
  165  20:02  Marine x21, Marauder x3  
  165  20:03  Marine  
  165  20:04  Thor  
  199  20:07  SCV  
  200  20:26  Command Center  
  183  20:49  Command Center  
  179  20:52  SCV x4, Missile Turret  
  183  21:01  Terran Vehicle And Ship Armor Level 1  
  183  21:04  SCV x2  
  185  21:20  Marine x7, Marauder x3  
  185  21:21  Marine x4  
  193  21:25  Thor  
  193  21:27  Medivac  
  182  21:41  Marauder  
  183  21:54  Missile Turret  
  183  21:56  Missile Turret, Marine x14  
  183  21:57  Marauder  
  183  21:58  Marine, Marauder  
  200  22:22  Planetary Fortress  
  192  22:32  SCV x4  
  192  22:36  Planetary Fortress  
  178  22:43  Missile Turret  
  178  22:44  SCV x2  
  176  22:45  Missile Turret  
  176  22:48  SCV x4  
  176  22:51  Marine x11  
  176  22:52  Marine x5  
  176  22:53  Thor  
  176  22:56  SCV x2  
  199  23:00  SCV x4  
  195  23:18  Command Center  
  181  23:37  Missile Turret  
  147  23:56  SCV  
  147  23:57  SCV x6  
  147  24:00  Marine x3, Marauder x3  
  147  24:01  Thor, Marine x18  
  147  24:02  Thor, Medivac  
  164  24:03  Medivac x3  
  164  24:08  SCV  
  164  24:09  SCV x6  
  172  24:10  Missile Turret  
  172  24:16  Barracks  
  172  24:18  Barracks  
  172  24:21  Marauder  
Tags
 
Add a new tag
Caveats
  • Supply blocks, unpowered buildings, or Contaminate may cause inaccurate times.
  • Supply counts are checked every 10 seconds.